 Dungeon Crawl Stone Soup version 0.30.1-9-gdf580d7c3d (webtiles) character file.

Game seed: 15501929602352104687

98 HagarQim the Stinger (level 4, 0/27 HPs)
             Began as an Octopode Venom Mage on Oct 2, 2023.
             Slain by a sky beast (3 damage)
             ... on level 3 of the Dungeon.
             The game lasted 00:06:57 (2017 turns).

HagarQim the Stinger (Octopode Venom Mage)          Turns: 2017, Time: 00:06:58

Health: 0/27       AC:  1    Str:  7    XL:     4   Next: 69%
Magic:  12/17      EV: 13    Int: 19    God:
Gold:   92         SH:  0    Dex: 12    Spells: 2/8 levels left

rFire   . . .        f - +0 dagger
rCold   . . .        (no shield)
rNeg    . . .        (helmet restricted)
rPois   +            (no amulet)
rElec   .            j - ring of poison resistance
rCorr   .            l - ring of magical power
SInv    .            (no ring)
Will    .....        (no ring)
Stlth   +++          (no ring)
HPRegen 0.24/turn    (no ring)
MPRegen 0.15/turn    (no ring)
                     (no ring)

%: no passive effects
@: very slightly contaminated
A: almost no armour, amphibious, 8 rings, camouflage 1, gelatinous body 1,
(nimble swimmer 1), tentacles
a: no special abilities


You were on level 3 of the Dungeon.
You visited 1 branch of the dungeon, and saw 3 of its levels.

You collected 92 gold pieces.

Inventory:

Hand Weapons
 f - a +0 dagger (weapon)
Jewellery
 j - a ring of poison resistance (left tentacle)
 l - a ring of magical power (right tentacle)
Scrolls
 d - a scroll of silence
 n - a scroll of summoning {unknown}
 p - a scroll of brand weapon {unknown}
 q - a scroll of vulnerability {unknown}
Potions
 a - a potion of magic
 b - 2 potions of mutation {unknown}
 c - a potion of haste {unknown}
 g - 2 potions of heal wounds {unknown}
 h - 3 potions of attraction
 m - 2 potions of ambrosia {unknown}
 o - 2 potions of resistance {unknown}


   Skills:
 + Level 0.4 Short Blades
 * Level 2.3 Dodging
 + Level 4.0 Stealth
 + Level 2.7 Spellcasting
 + Level 1.3 Transmutations
 + Level 0.4 Air Magic
 + Level 4.5 Poison Magic


You had 2 spell levels left.
You knew the following spells:

 Your Spells              Type           Power      Damage    Failure   Level
a - Sting                 Tmut/Pois      52%        1d5       4%          1
b - Poisonous Vapours     Pois/Air       24%        N/A       9%          2
c - Mephitic Cloud        Conj/Pois/Air  8%         N/A       24%         3

Your spell library contained the following spells:

 Spells                   Type           Power      Damage    Failure   Level
 Foxfire                  Conj/Fire      8%         2x1d4     16%         1
 Olgreb's Toxic Radiance  Pois           19%        N/A       24%         4
 Fireball                 Conj/Fire      1%         3d3       99%         5
 Plasma Beam              Fire/Air       1%         2x1d12    100%        6
 Starburst                Conj/Fire      1%         6d3       100%        6


Dungeon Overview and Level Annotations

Branches:
Dungeon (3/15)

Altars:

Shops:
D:2 (


Innate Abilities, Weirdness & Mutations

You cannot wear most types of armour.
You are amphibious.
You can wear up to eight rings at the same time.
Your skin changes colour to match your surroundings (Stealth+).
Your rubbery body absorbs attacks. (AC +1, EV +1)
((You are camouflaged when in or above water. (Stealth+)))
You have tentacles for arms and can constrict up to eight enemies at once.


Message History

Okay, then.
Unknown command.
Casting: Mephitic Cloud (extremely dangerous; 24% risk of failure)
Confirm with . or Enter, or press ? or * to list all spells.
The spell is extremely dangerous to miscast (24% risk of failure)!
Continue anyway?
Okay, then.
Casting: Mephitic Cloud (extremely dangerous; 24% risk of failure)
Confirm with . or Enter, or press ? or * to list all spells.
Aiming: Sting (safe; 4% risk of failure)
Press: ? - help, Shift-Dir - straight line, f/p - sky beast
Aim: a sky beast (lightly wounded, poisoned, 60% to hit)
The sting hits the sky beast.
The sky beast looks even sicker.
The sky beast is lightly wounded.
Casting: Sting (safe; 4% risk of failure)
Confirm with . or Enter, or press ? or * to list all spells.
Aiming: Poisonous Vapours (safe; 9% risk of failure)
Press: ? - help, Dir - move target, f/p - sky beast
Aim: a sky beast (lightly wounded, very poisoned)
You miscast Poisonous Vapours.
Nothing appears to happen.
The sky beast misses you.
You hit the sky beast but do no damage.
The sky beast is moderately wounded.
The sky beast hits you. The sky beast shocks you.
The sky beast flickers out of sight!
Deactivating autopickup; reactivate with Ctrl-A.
Something hits you. Something shocks you.
A sky beast appears from thin air!
Reactivating autopickup.
The sky beast hits you. The sky beast shocks you.
* * * LOW HITPOINT WARNING * * *
The sky beast attacks as you move away! The sky beast hits you.
* * * LOW HITPOINT WARNING * * *
The sky beast shocks you.
* * * LOW HITPOINT WARNING * * *
The sky beast flickers out of sight!
Deactivating autopickup; reactivate with Ctrl-A.
As you read the scroll labelled PYIGATZUUG, it crumbles to dust.
You feel aware of your surroundings.
It was a scroll of magic mapping.
Something hits you.
You die...

,8,*,*,8,*,*,*,*,8,8,*,*,** ****
,,,,,,,,,,,,,,,,,,,,,,,,,,* *,,,
,8,*,*,*,8,*,*,*,*,*,*,*,,** *,,,
*##############**********,,* *,,,
,.............# **,* *,,,
,.............# *,***,,,
,w........#+#.### *,,,,,,,
,!........#.#...########***,,,,,,
,...............@.......,,+,,,,,,
,.......).....#{########***,,,,,,
,.........#.#.#.#******** *,,,,,,
,...............#,,,,,,,***,,,,,,
,######+##.....<#,,,,,,,,**,,,,,,
,,,...........###,,,,,,,,**,,,,,,
**,####...........,,,,,,,**,***,,
*,***#....##.##...,,,,,,**,***,,
*,,,#........#*,...,,,,***,,,,,,


There were no monsters in sight!

Vanquished Creatures
  Terence (D:2)
  2 adders (D:2)
  A gnoll (D:1)
  4 ball pythons
  4 bats
  4 endoplasms
  5 goblins
  3 hobgoblins (D:1)
  2 jackals (D:1)
  2 kobolds
  2 quokkas (D:1)
  A frilled lizard (D:2)
  11 rats
42 creatures vanquished.

Notes
Turn   | Place    | Note
-------+----------+-------------------------------------------
     0 | D:1      | HagarQim the Octopode Venom Mage began the quest for the
                  | Orb.
     0 | D:1      | Reached XP level 1. HP: 11/11 MP: 3/3
   199 | D:1      | Reached XP level 2. HP: 13/17 MP: 0/5
   379 | D:1      | Learned a level 2 spell: Poisonous Vapours
   416 | D:1      | Reached XP level 3. HP: 21/21 MP: 2/6
  1302 | D:2      | Noticed Terence
  1318 | D:2      | Killed Terence
  1319 | D:2      | Reached XP level 4. HP: 27/27 MP: 7/7
  1372 | D:2      | Learned a level 3 spell: Mephitic Cloud
  1403 | D:2      | Found a faded altar of an unknown god.
  1673 | D:2      | Found Xeughoe's Antique Weapon Shop.
  1989 | D:3      | Noticed a sky beast
  2017 | D:3      | Slain by a sky beast

Illustrated notes

Levels and vault maps discovered:
D:1:      minmay_arrival_arboretum_small, layout_loops_ring
D:2:      layout_basic, serial_shops, shop, shapermc_ecumenical_altar_venn,
          minmay_rat_gold_closets, uniq_terence
D:3:      layout_basic, chequers_avenue

Skill      XL: |  1  2  3  4 |
---------------+-------------+-----
Poison Magic   | 4 |  4.5
Stealth        | 3 4 |  4.0
Short Blades   | |  0.4
Dodging        | |  2.3
Spellcasting   | |  2.7
Transmutations | |  1.3
Air Magic      | |  0.4

Action                     |  1- 3 |  4- 6 || total
---------------------------+-------+-------++-------
  Melee: Unarmed           |     1 |       ||     1
         Dagger            |    35 |    12 ||    47
         Tentacles         |     8 |     3 ||    11
         Constrict         |     9 |     2 ||    11
   Cast: Sting             |    17 |     4 ||    21
         Poisonous Vapours |    10 |     2 ||    12
    Use: Scroll            |       |     4 ||     4
   Stab: Sleeping          |     8 |     3 ||    11
 Armour: Skin              |     2 |     1 ||     3
  Dodge: Dodged            |    20 |     7 ||    27
